AoeStats
← NameBeNate

Arabia

509675352Analyzed
1v1 RM · 6d ago on Sep 27, 2026· 38m 28s· 2 players
Game mode
Random Map
Map size
Tiny (2 player)
Population
200
Speed
Normal
Resources
Standard
Victory
Conquest
Starting age
Dark Age
Ending age
Imperial Age
RankedLock teamsTeams togetherTeam positionsShared explorationLock speedFull tech treeHidden civsTurbo modeCheats
Victory
Defeat
🇺🇸 Bulgarians · United States
1104
+15
🇬🇧 Vietnamese · United Kingdom
1081
-15
Cspar
7:01 Loom
9:47 Feudal Age
10:08 Man-at-Arms
14:30 Double-Bit Axe
16:21 Fletching
21:16 Wheelbarrow
23:11 Castle Age
22:18 Padded Archer Armor
23:33 Scale Mail Armor
23:49 Crossbowman
24:34 Bodkin Arrow
25:59 Pikeman
28:25 Bow Saw
31:38 Leather Archer Armor
NameBeNate
8:07 Loom
10:48 Feudal Age
17:17 Scale Barding Armor
22:39 Castle Age
21:01 Double-Bit Axe
21:17 Horse Collar
22:15 Bloodlines
22:32 Gold Mining
22:34 Stone Mining
24:22 Husbandry
24:39 Forging
25:32 Chain Barding Armor
26:52 Fletching
30:31 Iron Casting
37:17 Wheelbarrow
39:06 Scale Mail Armor
Connection lost

Rejoining the realm…

Still unreachable

The connection could not be restored.

Session expired

The server has moved on; the page needs a fresh start.